| TOP OF THE 1ST |
|
Durham Bulls batting - Pitching for Pawtucket Red Sox : RHP Frank Picaso
|
|
Pitching: RHP Frank Picaso
|
|
|
Batting: RHB Jonathan Fraire
|
0-0: Foul Ball, location: 2F 0-1: Called Strike 0-2: Ball 1-2: Ball 2-2: Foul Ball, location: 2F 2-2: Ball 3-2: Base on Balls
|
|
Batting: RHB David Ward
|
0-0: Ball 1-0: Foul Ball, location: 2F 1-1: Swinging Strike 1-2: Foul Ball, location: 2F 1-2: Hit by Pitch Jonathan Fraire to second
|
|
Batting: LHB Davion Lewis
|
0-0: Ball 1-0: Fly out, F7 (Flyball, 7, EV 86.2 MPH)
|
|
Batting: LHB Jake Rheaume
|
0-0: Ball Wild Pitch! Jonathan Fraire to third David Ward to second 1-0: Called Strike 1-1: Called Strike 1-2: Ball 2-2: Fly out, F9 (Line Drive, 9D, EV 95.0 MPH) Runner from 3rd tags up, SCORES, no throw by RF
|
|
Batting: RHB Jose Arriola
|
0-0: Called Strike 0-1: Foul Ball, location: 2F 0-2: Ball 1-2: Foul Ball, location: 2F 1-2: Ball 2-2: Ball 3-2: Base on Balls
|
|
Batting: RHB Sesto Carpini
|
0-0: Swinging Strike 0-1: Called Strike 0-2: Strikes out looking
|
| Top of the 1st over - 1 run, 0 hits, 0 errors, 2 left on base; Durham 1 - Pawtucket 0 |
| BOTTOM OF THE 1ST |
|
Pawtucket Red Sox batting - Pitching for Durham Bulls : RHP Dave Navarro
|
|
Pitching: RHP Dave Navarro
|
|
|
Batting: RHB John Chiesa
|
0-0: SINGLE (Line Drive, 34, EV 98.8 MPH)
|
|
Batting: RHB Brandon Perris
|
0-0: Called Strike 0-1: Fly out, F4 (Flyball, 34D, EV 90.0 MPH)
|
|
Batting: SHB Ben Ervin
|
0-0: Called Strike 0-1: Called Strike 0-2: Ball 1-2: Ball 2-2: TRIPLE (Flyball, 8LXD, EV 92.5 MPH) John Chiesa scores
|
|
Batting: RHB Ernie Genier
|
0-0: Called Strike 0-1: Foul Ball, location: 2F 0-2: Strikes out swinging
|
|
Batting: LHB Frank Olivo
|
0-0: Called Strike 0-1: Ball 1-1: Ball 2-1: Ball 3-1: Base on Balls
|
|
Batting: RHB Matt Hinkle
|
0-0: Fly out, F7 (Flyball, 7, EV 93.1 MPH)
|
| Bottom of the 1st over - 1 run, 2 hits, 0 errors, 2 left on base; Durham 1 - Pawtucket 1 |
| TOP OF THE 2ND |
|
Durham Bulls batting - Pitching for Pawtucket Red Sox : RHP Frank Picaso
|
|
Batting: RHB Kevin Benfield
|
0-0: Ball 1-0: Ball 2-0: Fly out, F9 (Flyball, 9, EV 92.5 MPH)
|
|
Batting: RHB Freddy Mullen
|
0-0: Called Strike 0-1: Foul Ball, location: 2F 0-2: Foul Ball, location: 2F 0-2: Ball 1-2: Foul Ball, location: 2F 1-2: Strikes out swinging
|
|
Batting: RHB John Downing
|
0-0: Ball 1-0: Ball 2-0: Foul Ball, location: 2F 2-1: Ground out 5-3 (Groundball, 5, EV 85.0 MPH)
|
| Top of the 2nd over - 0 runs, 0 hits, 0 errors, 0 left on base; Durham 1 - Pawtucket 1 |
| BOTTOM OF THE 2ND |
|
Pawtucket Red Sox batting - Pitching for Durham Bulls : RHP Dave Navarro
|
|
Batting: RHB Carlos Nolasco
|
0-0: Ball 1-0: DOUBLE (Line Drive, 5D, EV 101.2 MPH)
|
|
Batting: RHB Sal Rivera
|
0-0: Ball 1-0: Ground out 4-3 (Groundball, 4M, EV 83.1 MPH) Carlos Nolasco to third
|
|
Batting: RHB Joe Evrard
|
0-0: Ball 1-0: Ball 2-0: Ball 3-0: Called Strike 3-1: Base on Balls
|
|
Batting: RHB John Chiesa
|
0-0: Called Strike 0-1: Ball 1-1: Ball 2-1: Foul Ball, location: 2F 2-2: Ball 3-2: SINGLE (Groundball, 6M, EV 103.8 MPH) (infield hit) Carlos Nolasco scores Joe Evrard to second
|
|
Batting: RHB Brandon Perris
|
0-0: Called Strike 0-1: Grounds into double play, 6-4-3 (Groundball, 6S, EV 78.8 MPH)
|
| Bottom of the 2nd over - 1 run, 2 hits, 0 errors, 1 left on base; Durham 1 - Pawtucket 2 |
| TOP OF THE 3RD |
|
Durham Bulls batting - Pitching for Pawtucket Red Sox : RHP Frank Picaso
|
|
Batting: RHB Jonathan Fraire
|
0-0: Ball 1-0: Swinging Strike 1-1: Foul Ball, location: 2F 1-2: Ground out 4-3 (Groundball, 34, EV 100.0 MPH)
|
|
Batting: RHB David Ward
|
0-0: Ball 1-0: Called Strike 1-1: Ball 2-1: Foul Ball, location: 2F 2-2: Ball 3-2: Base on Balls
|
|
Batting: LHB Davion Lewis
|
0-0: Called Strike 0-1: Swinging Strike 0-2: Ball 1-2: Ball 2-2: Strikes out swinging
|
|
Batting: LHB Jake Rheaume
|
0-0: Ball 1-0: Called Strike 1-1: Foul Ball, location: 2F Pickoff Throw to First - Out! 1-3
|
| Top of the 3rd over - 0 runs, 0 hits, 0 errors, 0 left on base; Durham 1 - Pawtucket 2 |
| BOTTOM OF THE 3RD |
|
Pawtucket Red Sox batting - Pitching for Durham Bulls : RHP Dave Navarro
|
|
Batting: SHB Ben Ervin
|
0-0: Called Strike 0-1: Swinging Strike 0-2: Ball 1-2: Strikes out looking
|
|
Batting: RHB Ernie Genier
|
0-0: Foul Ball, location: 2F 0-1: Ball 1-1: Fly out, F7 (Flyball, 7S, EV 93.1 MPH)
|
|
Batting: LHB Frank Olivo
|
0-0: Called Strike 0-1: Ball 1-1: Swinging Strike 1-2: Strikes out looking
|
| Bottom of the 3rd over - 0 runs, 0 hits, 0 errors, 0 left on base; Durham 1 - Pawtucket 2 |
| TOP OF THE 4TH |
|
Durham Bulls batting - Pitching for Pawtucket Red Sox : RHP Frank Picaso
|
|
Batting: LHB Jake Rheaume
|
0-0: Called Strike 0-1: Swinging Strike 0-2: Foul Ball, location: 2F 0-2: Ball 1-2: Foul Ball, location: 2F 1-2: Ball 2-2: Foul Ball, location: 2F 2-2: Ball 3-2: Strikes out looking
|
|
Batting: RHB Jose Arriola
|
0-0: Foul Ball, location: 2F 0-1: Ball 1-1: Ball 2-1: Ball 3-1: Swinging Strike 3-2: Base on Balls
|
|
Batting: RHB Sesto Carpini
|
0-0: Swinging Strike 0-1: Ball 1-1: Ball 2-1: Swinging Strike 2-2: Strikes out swinging
|
|
Batting: RHB Kevin Benfield
|
0-0: Ball 1-0: Fielders Choice at 2nd, 5-4 (Groundball, 56, EV 85.0 MPH)
|
| Top of the 4th over - 0 runs, 0 hits, 0 errors, 1 left on base; Durham 1 - Pawtucket 2 |
| BOTTOM OF THE 4TH |
|
Pawtucket Red Sox batting - Pitching for Durham Bulls : RHP Dave Navarro
|
|
Batting: RHB Matt Hinkle
|
0-0: Ball 1-0: Called Strike 1-1: Ball 2-1: Ground out 6-3 (Groundball, 6, EV 108.1 MPH)
|
|
Batting: RHB Carlos Nolasco
|
0-0: Foul Ball, location: 2F 0-1: Swinging Strike 0-2: Ball 1-2: Ground out 1-3 (Groundball, P, EV 73.8 MPH)
|
|
Batting: RHB Sal Rivera
|
0-0: Foul Ball, location: 2F 0-1: Ball 1-1: DOUBLE (Flyball, 89XD, EV 99.4 MPH)
|
|
Batting: RHB Joe Evrard
|
0-0: Called Strike 0-1: SINGLE (Groundball, 6M, EV 105.6 MPH) (infield hit) Sal Rivera to third
|
|
Batting: RHB John Chiesa
|
0-0: Ball 1-0: Called Strike 1-1: Ground out 5-3 (Groundball, 25, EV 90.0 MPH)
|
| Bottom of the 4th over - 0 runs, 2 hits, 0 errors, 2 left on base; Durham 1 - Pawtucket 2 |
| TOP OF THE 5TH |
|
Durham Bulls batting - Pitching for Pawtucket Red Sox : RHP Frank Picaso
|
|
Batting: RHB Freddy Mullen
|
0-0: Ball 1-0: Ball 2-0: Called Strike 2-1: Called Strike 2-2: Ball 3-2: Base on Balls
|
|
Batting: RHB John Downing
|
0-0: Ball 1-0: Called Strike 1-1: Ball 2-1: Called Strike 2-2: Fielders Choice at 2nd, 5-4 (Groundball, 5L, EV 79.4 MPH)
|
|
Batting: RHB Jonathan Fraire
|
0-0: Ball 1-0: Ball 2-0: Ball 3-0: Called Strike 3-1: Base on Balls John Downing to second
|
|
Batting: RHB David Ward
|
0-0: SINGLE (Groundball, 4D, EV 103.1 MPH) John Downing to third Jonathan Fraire to second Runner from 3rd tries for Home, SAFE, throw by RF to home
|
|
Batting: LHB Davion Lewis
|
0-0: Called Strike 0-1: Fly out, F8 (Line Drive, 78M, EV 87.5 MPH)
|
|
Pitching: RHP Steve Capizzi
|
|
|
Batting: LHB Jake Rheaume
|
0-0: Ball 1-0: Ball 2-0: Ball 3-0: Base on Balls Jonathan Fraire to third David Ward to second
|
|
Batting: RHB Jose Arriola
|
0-0: Called Strike 0-1: Ball 1-1: Ball 2-1: Ball 3-1: Swinging Strike 3-2: Foul Ball, location: 2F 3-2: Base on Balls Jonathan Fraire scores David Ward to third Jake Rheaume to second
|
|
Batting: RHB Sesto Carpini
|
0-0: Called Strike 0-1: Swinging Strike 0-2: Ball 1-2: Strikes out looking
|
| Top of the 5th over - 2 runs, 1 hit, 0 errors, 3 left on base; Durham 3 - Pawtucket 2 |
| BOTTOM OF THE 5TH |
|
Pawtucket Red Sox batting - Pitching for Durham Bulls : RHP Dave Navarro
|
|
Batting: RHB Brandon Perris
|
0-0: Ball 1-0: Ball 2-0: Swinging Strike 2-1: Foul Ball, location: 2F 2-2: DOUBLE (Line Drive, 7LS, EV 103.1 MPH)
|
|
Batting: SHB Ben Ervin
|
0-0: Ball 1-0: Called Strike 1-1: Ground out 6-3 (Groundball, 6, EV 82.5 MPH)
|
|
Batting: RHB Ernie Genier
|
0-0: Ground out 5-3 (Groundball, 5L, EV 84.4 MPH)
|
|
Batting: LHB Frank Olivo
|
0-0: Ball 1-0: Foul Ball, location: 2F 1-1: Swinging Strike 1-2: DOUBLE (Line Drive, 9LS, EV 95.6 MPH) Brandon Perris scores
|
|
Batting: RHB Matt Hinkle
|
0-0: Called Strike 0-1: Called Strike 0-2: SINGLE (Groundball, 6MD, EV 104.4 MPH) Frank Olivo to third Runner from 3rd tries for Home, SAFE, throw by CF to home
|
|
Batting: RHB Carlos Nolasco
|
0-0: Ball Matt Hinkle is caught stealing 2nd base 2-4
|
| Bottom of the 5th over - 2 runs, 3 hits, 0 errors, 0 left on base; Durham 3 - Pawtucket 4 |
| TOP OF THE 6TH |
|
Durham Bulls batting - Pitching for Pawtucket Red Sox : RHP Steve Capizzi
|
|
Batting: RHB Kevin Benfield
|
0-0: Swinging Strike 0-1: Foul Ball, location: 2F 0-2: Ball 1-2: Ball 2-2: Ball 3-2: SINGLE (Groundball, 6MD, EV 101.9 MPH)
|
|
Batting: RHB Freddy Mullen
|
0-0: Fly out, F4 (Line Drive, 4, EV 66.9 MPH) Lined into DP, 4-3 (Line Drive, 4, EV 71.9 MPH)
|
|
Batting: RHB John Downing
|
0-0: Ball 1-0: Called Strike 1-1: Foul Ball, location: 2F 1-2: Strikes out looking
|
| Top of the 6th over - 0 runs, 1 hit, 0 errors, 0 left on base; Durham 3 - Pawtucket 4 |
| BOTTOM OF THE 6TH |
|
Pawtucket Red Sox batting - Pitching for Durham Bulls : RHP Dave Navarro
|
|
Batting: RHB Carlos Nolasco
|
0-0: Ground out 4-3 (Groundball, 4, EV 83.1 MPH)
|
|
Batting: RHB Sal Rivera
|
0-0: Foul Ball, location: 2F 0-1: Foul Ball, location: 2F 0-2: Foul Ball, location: 2F 0-2: Ball 1-2: Foul Ball, location: 2F 1-2: SINGLE (Groundball, 6S, EV 62.5 MPH) (infield hit)
|
|
Batting: RHB Joe Evrard
|
0-0: Ball 1-0: Ball 2-0: Called Strike 2-1: Foul Ball, location: 2F 2-2: Grounds into double play, 6-4-3 (Groundball, 6MD, EV 78.8 MPH)
|
| Bottom of the 6th over - 0 runs, 1 hit, 0 errors, 0 left on base; Durham 3 - Pawtucket 4 |
| TOP OF THE 7TH |
|
Durham Bulls batting - Pitching for Pawtucket Red Sox : RHP Steve Capizzi
|
|
Batting: RHB Jonathan Fraire
|
0-0: Called Strike 0-1: Ball 1-1: Ground out U3 (Groundball, 3, EV 105.0 MPH)
|
|
Batting: RHB David Ward
|
0-0: Called Strike 0-1: Ball 1-1: Ball 2-1: Called Strike 2-2: Foul Ball, location: 2F 2-2: Strikes out swinging
|
|
Batting: LHB Davion Lewis
|
0-0: Ball 1-0: Ball 2-0: Foul Ball, location: 2F 2-1: Ground out 5-3 (Groundball, 5, EV 103.1 MPH)
|
| Top of the 7th over - 0 runs, 0 hits, 0 errors, 0 left on base; Durham 3 - Pawtucket 4 |
| BOTTOM OF THE 7TH |
|
Pawtucket Red Sox batting - Pitching for Durham Bulls : RHP Dave Navarro
|
|
Batting: RHB John Chiesa
|
0-0: Called Strike 0-1: SINGLE (Groundball, 25, EV 64.4 MPH) (infield hit)
|
|
Batting: RHB Brandon Perris
|
0-0: Called Strike 0-1: Called Strike 0-2: Foul Ball, location: 2F 0-2: Strikes out looking
|
|
Batting: SHB Ben Ervin
|
0-0: Ball 1-0: Called Strike John Chiesa is caught stealing 2nd base 2-6 1-1: Swinging Strike 1-2: Fly out, F2 (Popup, 25F, EV 85.0 MPH)
|
| Bottom of the 7th over - 0 runs, 1 hit, 0 errors, 0 left on base; Durham 3 - Pawtucket 4 |
| TOP OF THE 8TH |
|
Durham Bulls batting - Pitching for Pawtucket Red Sox : RHP Steve Capizzi
|
|
Pitching: LHP Ken Intagliata
|
|
|
Batting: LHB Jake Rheaume
|
0-0: Ball 1-0: Ball 2-0: Called Strike 2-1: Ground out 4-3 (Groundball, 4, EV 84.4 MPH)
|
|
Batting: RHB Jose Arriola
|
0-0: Fly out, F8 (Flyball, 8RM, EV 83.8 MPH)
|
|
Batting: RHB Sesto Carpini
|
0-0: Ball 1-0: Called Strike 1-1: Ball 2-1: Swinging Strike 2-2: Ground out 6-3 (Groundball, 56, EV 108.1 MPH)
|
| Top of the 8th over - 0 runs, 0 hits, 0 errors, 0 left on base; Durham 3 - Pawtucket 4 |
| BOTTOM OF THE 8TH |
|
Pawtucket Red Sox batting - Pitching for Durham Bulls : RHP Dave Navarro
|
|
Batting: RHB Ernie Genier
|
0-0: Called Strike 0-1: SINGLE (Line Drive, 89S, EV 107.5 MPH)
|
|
Pitching: RHP Alec Murphy
|
|
|
Batting: LHB Frank Olivo
|
0-0: Ball 1-0: Called Strike 1-1: Foul Ball, location: 2F 1-2: Foul Ball, location: 2F 1-2: Strikes out swinging
|
|
Batting: RHB Matt Hinkle
|
0-0: Called Strike 0-1: Called Strike 0-2: Foul Ball, location: 2F 0-2: Ball 1-2: Strikes out swinging
|
|
Batting: RHB Carlos Nolasco
|
0-0: Ball 1-0: Ball 2-0: Called Strike 2-1: Called Strike 2-2: Strikes out swinging
|
| Bottom of the 8th over - 0 runs, 1 hit, 0 errors, 1 left on base; Durham 3 - Pawtucket 4 |
| TOP OF THE 9TH |
|
Durham Bulls batting - Pitching for Pawtucket Red Sox : LHP Ken Intagliata
|
|
Pitching: RHP Danny Klomp
|
|
|
Batting: RHB Kevin Benfield
|
0-0: Called Strike 0-1: Ball 1-1: Ball 2-1: SINGLE (Line Drive, 8RS, EV 90.6 MPH)
|
|
Batting: RHB Freddy Mullen
|
0-0: Ball 1-0: Sac Bunt to 25 - play at first, batter OUT! 5-3 Kevin Benfield to second
|
|
Pinch Hitting: SHB Brett McEwen
|
0-0: Swinging Strike 0-1: Ball 1-1: Ball 2-1: SINGLE (Groundball, 6MD, EV 97.5 MPH) Kevin Benfield to third Runner from 3rd tries for Home, throw by CF and OUT! 8-2
|
|
Batting: RHB Jonathan Fraire
|
0-0: Foul Ball, location: 2F 0-1: Called Strike 0-2: Strikes out swinging
|
| Top of the 9th over - 0 runs, 2 hits, 0 errors, 1 left on base; Durham 3 - Pawtucket 4 |
|